 Dungeon Sprint DCSS version 0.23.0 (webtiles) character file.

Game seed: 4364874918805784958

10913 Groucho the Eclecticist (level 11, -10/64 HPs)
             Began as a Spriggan Enchanter on Feb 11, 2019.
             Was the Champion of Dithmenos.
             Killed from afar by a golden dragon (69 damage)
             ... with a bolt of cold
             ... in the Dungeon (Sprint I: "Red Sonja").
             The game lasted 00:13:41 (2663 turns).

Groucho the Eclecticist (Spriggan Enchanter)        Turns: 2663, Time: 00:13:41

Health: -10/64     AC:  2    Str:  4    XL:     11   Next: 42%
Magic:  28/32      EV: 32    Int: 17    God:    Dithmenos [******]
Gold:   1545       SH:  0    Dex: 20    Spells: 31/43 levels left

rFire    + . .     SeeInvis +   l - +3 dagger (pain)
rCold    x . .     Gourm    .   (shield restricted)
rNeg     . . .     Faith    .   b - +0 robe
rPois    +         Spirit   .   (helmet restricted)
rElec    .         Reflect  .   (no cloak)
rCorr    .         Harm     .   (gloves unavailable)
MR       +....     NoTele   +   (boots unavailable)
Stlth    ++++++++++             (no amulet)
HPRegen  0.20/turn              m - ring of poison resistance
MPRegen  0.23/turn              n - ring of fire

@: wreathed by umbra, very quick
A: very small, unfitting armour, see invisible, herbivore, speed 3, slow
metabolism 2
a: Shadow Step, Shadow Form, Renounce Religion


You were in the Dungeon.
You worshipped Dithmenos.
Dithmenos was exalted by your worship.
You were not hungry.

You visited 1 branch You collected 2797 gold pieces.
You spent 1252 gold pieces at shops.

Inventory:

Hand Weapons
 a - a +1 dagger
 l - a +3 dagger of pain (weapon)
Missiles
 r - 7 tomahawks (quivered)
Armour
 b - a +0 robe (worn)
Jewellery
 m - a ring of poison resistance (left hand)
 n - a ring of fire (right hand)
 o - an uncursed ring of flight
Wands
 c - a wand of digging (7)
Scrolls
 j - a scroll of remove curse {unknown}
 p - a scroll of enchant weapon {unknown}
Potions
 e - a potion of lignification {unknown}
 f - 2 potions of heal wounds
 g - a potion of haste
 h - 2 potions of magic
 i - a potion of berserk rage
 k - a potion of degeneration {unknown}
 q - 3 potions of curing
Comestibles
 d - a ration


   Skills:
 + Level 10.7 Fighting
 - Level 10.0 Short Blades
 - Level 15.1 Dodging
 - Level 15.4 Stealth
 + Level 16.5 Spellcasting
 - Level 15.2 Hexes


You had 31 spell levels left.
You knew the following spells:

 Your Spells              Type           Power        Failure   Level  Hunger
a - Corona                Hex            ######.      0%          1    None
b - Ensorcelled Hibernat  Hex/Ice        #####.       1%          2    None
c - Confuse               Hex            ######..     1%          3    None
d - Dazzling Spray        Conj/Hex       #####.       1%          3    None
e - Tukima's Dance        Hex            ######..     1%          3    None

Your spell library contained the following spells:

 Spells                   Type           Power        Failure   Level  Hunger


Dungeon Overview and Level Annotations

Branches:
Dungeon (1/1)

Altars:
Cheibriados
Dithmenos
Elyvilon
Fedhas
Gozag
Hepliaklqana
Kikubaaqudgha
Makhleb
Nemelex Xobeh
Okawaru
Qazlal
Ru
Sif Muna
Trog
Uskayaw
Vehumet
Wu Jian
Xom
Yredelemnul
Zin
The Shining One
Jiyva
Lugonu

Shops:
D *(([:[**}(=[}??[*


Innate Abilities, Weirdness & Mutations

You are very small and have problems with some larger weapons.
You are too small for most types of armour.
You have supernaturally acute eyesight. (SInv)
You are a herbivore.
You cover ground extremely quickly.
You need to consume almost no food.


Message History

Okay, then.
Put on which piece of jewellery? (? for menu, Esc to quit)
You're wearing all the rings you can.
Remove which one? (? for menu, Esc to cancel) < or
m - a ring of poison resistance; > or
n - a ring of fire
Okay, then.
Unknown command.
Okay, then.
You open the door.
A shadow dragon and a golden dragon come into view.
Found a metal-bound book and a coiled golden ring.
Aiming: Shadow Step
Press: ? - help, Dir - move target cursor, f - golden dragon
Aim: a golden dragon (resting, umbra)
You step into the golden dragon's shadow.
The golden dragon roars deafeningly!
The golden dragon breathes cold at you. The bolt of cold hits you!!!
You feel a terrible chill!
Ouch! That really hurt!
You die...

# ##§§§.# #
###+## # #.# #
#'# # # §§§ #
#§§§.§§§ §.#
##...§§§§..§##
#....§D§§§...#
$
#.....@D.....#
$$$
##...^......##
####
#$$$$$$$$$$# #
##$$$$$$$$##
##$?/?%$##
########


You could see a shadow dragon and a golden dragon.

Vanquished Creatures
  A lorocyproca (D)
  A hydra (D)
  2 centaur warriors (D)
  Sonja (D)
  A deep troll (D)
  2 unseen horrors (D)
  A lindwurm (D)
  An oklob plant (D)
  A gargoyle (D)
  2 kobold demonologists (D)
  4 demonic crawlers (D)
  A meliai (D)
  A hornet (D)
  A slime creature (D)
  Sigmund (D)
  2 redbacks (D)
  A yak (D)
  10 hogs (D)
  3 floating eyes (D)
  7 necrophages (D)
  An ogre (D)
  8 jellies (D)
  Ijyb (D)
  A ballistomycete (D)
55 creatures vanquished.

Vanquished Creatures (others)
  A gargoyle (D)
  3 hogs (D)
  2 ballistomycete spores (D)
6 creatures vanquished.

Grand Total: 61 creatures vanquished

Notes
Turn   | Place    | Note
-------+----------+-------------------------------------------
     0 | D        | Groucho the Spriggan Enchanter began the quest for the Orb.
     0 | D        | Reached XP level 1. HP: 9/9 MP: 5/5
     2 | D        | Noticed Ijyb
    40 | D        | Killed Ijyb
    40 | D        | Reached skill level 4 in Spellcasting
    40 | D        | Reached skill level 5 in Hexes
    40 | D        | Reached XP level 2. HP: 10/13 MP: 6/8
   112 | D        | Learned a level 2 spell: Ensorcelled Hibernation
   113 | D        | Noticed an ogre
   115 | D        | Killed an ogre
   115 | D        | Reached skill level 10 in Stealth
   115 | D        | Reached skill level 6 in Spellcasting
   115 | D        | Reached XP level 3. HP: 16/16 MP: 8/11
   115 | D        | Reached XP level 4. HP: 21/21 MP: 9/13
   128 | D        | Noticed Sigmund
   130 | D        | Killed Sigmund
   130 | D        | Reached skill level 7 in Spellcasting
   130 | D        | Reached XP level 5. HP: 24/24 MP: 11/16
   143 | D        | Found a deep blue altar of Sif Muna.
   144 | D        | Found an ornate altar of the Wu Jian Council.
   145 | D        | Found a radiant altar of Vehumet.
   149 | D        | Reached skill level 8 in Spellcasting
   149 | D        | Reached XP level 6. HP: 28/28 MP: 14/18
   170 | D        | Killed a gargoyle
   179 | D        | Found Tunaegg's Weapon Emporium.
   179 | D        | Found an ancient bone altar of Kikubaaqudgha.
   179 | D        | Found a hazy altar of Hepliaklqana.
   179 | D        | Found a hide-covered altar of Uskayaw.
   179 | D        | Found a basalt altar of Yredelemnul.
   179 | D        | Found an opulent altar of Gozag.
   179 | D        | Found a snail-covered altar of Cheibriados.
   179 | D        | Found a sacrificial altar of Ru.
   179 | D        | Found a shadowy altar of Dithmenos.
   179 | D        | Noticed a yak
   180 | D        | Found a stormy altar of Qazlal.
   180 | D        | Found a blossoming altar of Fedhas.
   180 | D        | Found a bloodstained altar of Trog.
   180 | D        | Found an iron altar of Okawaru.
   180 | D        | Found a glowing golden altar of the Shining One.
   180 | D        | Found a glowing silver altar of Zin.
   180 | D        | Found a white marble altar of Elyvilon.
   181 | D        | Killed a yak
   181 | D        | Reached skill level 15 in Stealth
   181 | D        | Reached skill level 9 in Spellcasting
   182 | D        | Found a sparkling altar of Nemelex Xobeh.
   186 | D        | Bought a +3 dagger of pain for 264 gold pieces
   191 | D        | Became a worshipper of Dithmenos the Shadowed
   209 | D        | Found a burning altar of Makhleb.
   209 | D        | Found a shimmering altar of Xom.
   209 | D        | Noticed a slime creature
   210 | D        | Found a viscous altar of Jiyva.
   210 | D        | Found a corrupted altar of Lugonu.
   212 | D        | Killed a slime creature
   212 | D        | Reached skill level 1 in Fighting
   212 | D        | Reached XP level 7. HP: 34/34 MP: 21/21
   226 | D        | Noticed a kobold demonologist
   227 | D        | Noticed a kobold demonologist
   230 | D        | Reached skill level 5 in Dodging
   230 | D        | Reached skill level 10 in Hexes
   233 | D        | Killed a kobold demonologist
   233 | D        | Reached * piety under Dithmenos
   233 | D        | Reached skill level 10 in Spellcasting
   235 | D        | Killed a kobold demonologist
   235 | D        | Reached skill level 5 in Short Blades
   235 | D        | Reached XP level 8. HP: 39/42 MP: 13/23
   460 | D        | Learned a level 3 spell: Confuse
   464 | D        | Learned a level 3 spell: Dazzling Spray
   468 | D        | Learned a level 3 spell: Tukima's Dance
   477 | D        | Noticed a centaur warrior
   478 | D        | Noticed a centaur warrior
   479 | D        | Killed a centaur warrior
   479 | D        | Reached skill level 5 in Fighting
   479 | D        | Reached skill level 11 in Spellcasting
   481 | D        | Killed a centaur warrior
   481 | D        | Reached ** piety under Dithmenos
   481 | D        | Reached skill level 10 in Dodging
   481 | D        | Reached skill level 12 in Spellcasting
   481 | D        | Reached XP level 9. HP: 48/48 MP: 21/26
   523 | D        | Noticed an oklob plant
   525 | D        | Killed an oklob plant
   538 | D        | Reached *** piety under Dithmenos
   550 | D        | Noticed an unseen horror
   550 | D        | Noticed an unseen horror
   556 | D        | Killed an unseen horror
   556 | D        | Reached skill level 13 in Spellcasting
   556 | D        | Reached XP level 10. HP: 55/55 MP: 26/28
   564 | D        | Killed an unseen horror
   576 | D        | Reached **** piety under Dithmenos
   599 | D        | Reached ***** piety under Dithmenos
   626 | D        | Reached skill level 10 in Short Blades
   919 | D        | Found Kuag's Armour Shoppe.
   919 | D        | Found Litawn's Weapon Shop.
   919 | D        | Found Xiacir's Book Boutique.
   921 | D        | Found Ytunnamegi's Antique Armour Emporium.
   921 | D        | Found Olea's General Store.
   921 | D        | Found Ecwoasim's General Store.
   921 | D        | Found Huoll's Gadget Boutique.
   921 | D        | Found Suadghykly's Antique Weapon Emporium.
   921 | D        | Found Loum's Jewellery Shop.
   921 | D        | Found Lenic's Antique Armour Shoppe.
   925 | D        | Found Urel's Gadget Boutique.
   926 | D        | Found Yrchuhi's Magic Scroll Emporium.
   926 | D        | Found Menug's Magic Scroll Boutique.
   927 | D        | Found Edwum's Assorted Antiques.
   936 | D        | Bought a wand of digging (5) for 200 gold pieces
   941 | D        | Bought an uncursed ring of poison resistance for 240 gold
                  | pieces
   941 | D        | Bought an uncursed ring of fire for 300 gold pieces
   941 | D        | Bought an uncursed ring of flight for 210 gold pieces
   991 | D        | Noticed a deep troll
   993 | D        | Killed a deep troll
   993 | D        | Reached ****** piety under Dithmenos
   993 | D        | Reached skill level 14 in Spellcasting
  1005 | D        | Found Sacav's Armour Emporium.
  1020 | D        | Noticed Sonja
  1023 | D        | Killed Sonja
  1430 | D        | Found Feujaops's General Store.
  1448 | D        | Bought 7 tomahawks for 38 gold pieces
  1824 | D        | Noticed a gargoyle
  1828 | D        | Killed a gargoyle
  1828 | D        | Reached XP level 11. HP: 62/62 MP: 26/30
  1833 | D        | Noticed a lorocyproca
  1839 | D        | Killed a lorocyproca
  1839 | D        | Reached skill level 15 in Dodging
  1839 | D        | Reached skill level 15 in Spellcasting
  1839 | D        | Reached skill level 15 in Hexes
  1894 | D        | Reached skill level 10 in Fighting
  2548 | D        | Noticed a 12-headed hydra
  2550 | D        | Killed a 12-headed hydra
  2550 | D        | Reached skill level 16 in Spellcasting
  2566 | D        | Noticed a lindwurm
  2568 | D        | Killed a lindwurm
  2662 | D        | Noticed a shadow dragon
  2662 | D        | Noticed a golden dragon
  2663 | D        | Killed from afar by a golden dragon

Skill      XL: |  1  2  3  4  5  6  7  8  9 10 11 |
---------------+----------------------------------+-----
Stealth        | 7 10 13 14 15 | 15.4
Spellcasting   | 4 6 7 8 9 10 12 13 14 16 | 16.5
Hexes          | 5 6 8 9 11 12 13 14 15 | 15.2
Fighting       | 1 4 5 7 9 10 | 10.7
Short Blades   | 3 5 7 9 10 | 10.0
Dodging        | 4 7 10 12 14 15 | 15.1

Action                   |  1- 3 |  4- 6 |  7- 9 | 10-12 || total
-------------------------+-------+-------+-------+-------++-------
Melee: Dagger            |    37 |     4 |    10 |    90 ||   141
 Cast: Ensorcelled Hiber |       |       |     5 |    23 ||    28
       Confuse           |       |       |       |     9 ||     9
       Dazzling Spray    |       |       |       |     7 ||     7
Invok: Shadow Step       |       |       |       |     1 ||     1
 Abil: Evoke Flight      |       |       |       |     1 ||     1
Evoke: Wand              |       |       |       |     1 ||     1
  Use: Potion            |     1 |       |       |     1 ||     2
       Scroll            |       |       |     1 |       ||     1
 Stab: Sleeping          |     2 |     4 |    10 |    21 ||    37
       Confused          |       |       |       |    11 ||    11
       Invisible         |       |       |       |     5 ||     5
  Eat: Ration            |       |       |       |     1 ||     1
Armor: Robe              |     1 |       |       |     2 ||     3
Dodge: Dodged            |    22 |       |    10 |    90 ||   122
